AoeStats
← NAGA HITAM

Black Forest

504963369Analyzed
4v4 RM · 24d ago on Sep 7, 2026· 38m 59s· 8 players
Game mode
Random Map
Map size
Large (8 player)
Population
200
Speed
Normal
Resources
Standard
Victory
Conquest
Starting age
Dark Age
Ending age
Imperial Age
RankedLock teamsTeams togetherTeam positionsShared explorationLock speedFull tech treeHidden civsTurbo modeCheats
Victory
Defeat
🇨🇳 Poles · China
1009
+16
🇦🇺 Bohemians · Australia
972
+17
🇨🇳 Dravidians · China
959
+18
🇮🇩 Malay · Indonesia
920
+19
🇹🇷 Byzantines · Türkiye
1064
-20
🇹🇷 Britons · Türkiye
1000
-54
🇨🇿 Romans · Czechia
971
-16
🇬🇧 Huns · United Kingdom
951
-16
Archon
8:22 Loom
12:38 Feudal Age
19:18 Castle Age
17:10 Double-Bit Axe
17:07 Horse Collar
23:10 Bow Saw
23:36 Heavy Plow
29:08 Gold Mining
29:09 Stone Mining
31:26 Gold Shaft Mining
31:10 Scale Barding Armor
31:06 Scale Mail Armor
31:16 Forging
31:44 Wheelbarrow
30:55 Town Watch
33:53 Imperial Age
32:00 Wheelbarrow
31:13 Town Watch
32:58 Hand Cart
33:01 Chain Mail Armor
33:07 Chain Barding Armor
35:39 Crop Rotation
35:34 Chain Barding Armor
35:49 Iron Casting
35:04 Fletching
35:15 Padded Archer Armor
35:23 Siege Engineers
36:19 Chemistry
35:39 Ballistics
35:31 Masonry
35:19 Murder Holes
34:47 Elite Centurion
37:17 Pikeman
37:57 Squires
Hyper
9:42 Loom
12:53 Feudal Age
18:31 Castle Age
17:10 Double-Bit Axe
17:11 Horse Collar
18:17 Stone Mining
18:20 Gold Mining
23:25 Forging
26:08 Scale Barding Armor
26:09 Fletching
26:52 Marauders
29:03 Bloodlines
30:15 Elite Skirmisher
32:53 Heavy Plow
33:18 Husbandry
38:32 Imperial Age
37:39 Wheelbarrow
kingsrow
11:47 Loom
25:02 Feudal Age
26:23 Wheelbarrow
26:08 Man-at-Arms
26:41 Gold Mining
26:43 Stone Mining
26:44 Town Watch
26:49 Arson
27:22 Padded Archer Armor
27:18 Horse Collar
29:32 Scale Mail Armor
30:23 Forging
30:58 Scale Barding Armor
30:46 Fletching
35:25 Castle Age
36:56 Hand Cart
37:03 Leather Archer Armor
36:49 Bodkin Arrow
FALCON
13:50 Feudal Age
18:07 Castle Age
16:05 Double-Bit Axe
16:35 Horse Collar
20:38 Bow Saw
24:49 Elite Skirmisher
24:56 Pikeman
26:56 Wheelbarrow
26:25 Stone Mining
26:37 Gold Mining
29:55 Heavy Plow
33:10 Imperial Age
31:00 Hand Cart
31:04 Fletching
31:15 Scale Mail Armor
31:26 Forging
32:35 Bodkin Arrow
32:55 Chain Mail Armor
32:44 Squires
33:53 Iron Casting
33:57 Ballistics
34:59 Chemistry
33:21 Halberdier
35:13 Bracer
35:44 Plate Mail Armor
35:38 Padded Archer Armor
37:27 Leather Archer Armor
erickisonduty
10:21 Feudal Age
11:59 Double-Bit Axe
12:13 Horse Collar
14:49 Castle Age
16:20 Bow Saw
20:03 Wheelbarrow
24:42 Hand Cart
24:24 Gold Mining
26:09 Stone Mining
30:03 Imperial Age
27:36 Fletching
27:47 Padded Archer Armor
28:27 Town Watch
28:28 Loom
28:42 Bodkin Arrow
29:14 Ballistics
28:18 Pikeman
29:45 Leather Archer Armor
30:29 Medical Corps
30:32 Thumb Ring
31:27 Conscription
31:36 Caravan
31:10 Elite Skirmisher
33:02 Two-Man Saw
32:13 Heavy Plow
33:37 Chemistry
33:04 Elite Elephant Archer
35:58 Hoardings
38:15 Bracer
38:47 Ring Archer Armor
NAGA HITAM
12:03 Feudal Age
11:57 Loom
17:25 Castle Age
15:58 Double-Bit Axe
16:08 Horse Collar
27:58 Forging
28:01 Bow Saw
29:00 Heavy Plow
33:23 Imperial Age
32:48 Thalassocracy
32:21 Elite Karambit Warrior
34:36 Forced Levy
35:46 Capped Ram
39:05 Iron Casting
Shoigu! Gerasimov!!
0:40 Loom
11:00 Feudal Age
17:11 Castle Age
16:02 Horse Collar
16:14 Double-Bit Axe
29:48 Imperial Age
28:21 Bloodlines
28:33 Szlachta Privileges
28:45 Husbandry
28:52 Scale Barding Armor
28:53 Gold Mining
30:07 Forging
29:57 Onager
31:09 Conscription
32:19 Chemistry
31:07 Cavalier
33:23 Wheelbarrow
33:43 Chain Barding Armor
33:34 Heavy Plow
33:27 Town Watch
34:36 Iron Casting
38:21 Blast Furnace
37:28 Fletching
ueatallmapercs
12:22 Feudal Age
16:11 Castle Age
16:35 Loom
17:16 Horse Collar
17:24 Double-Bit Axe
23:16 Pikeman
25:57 Wheelbarrow
31:41 Imperial Age
30:30 Hand Cart
30:19 Town Watch
32:51 Siege Engineers
33:08 Ballistics
33:48 Chemistry
33:10 Bow Saw
33:04 Heavy Plow
34:08 Forging
33:51 Fletching
33:48 Treadmill Crane
37:23 Conscription
36:54 Elite Hussite Wagon
37:40 Wagenburg Tactics
36:58 Houfnice
38:47 Murder Holes
Connection lost

Rejoining the realm…

Still unreachable

The connection could not be restored.

Session expired

The server has moved on; the page needs a fresh start.